 Dungeon Crawl Stone Soup version 0.22-a0-253-gf9d0ce5 (webtiles) character file.

9 Zwobot the Skirmisher (level 2, 0/32 HPs)
             Began as an Ogre Fighter on Mar 3, 2018.
             Slain by an adder (4 damage)
             ... on level 2 of the Dungeon.
             The game lasted 00:01:25 (1086 turns).

Zwobot the Skirmisher (Ogre Fighter)                Turns: 1086, Time: 00:01:25

Health: 0/32       AC:  3    Str: 24    XL:     2   Next: 12%
Magic:  2/2        EV: 10    Int:  9    God:
Gold:   31         SH:  0    Dex:  8    Spells: 1/1 levels left

rFire    . . .     SeeInvis .     - Unarmed
rCold    + . .     Gourm    .   (no shield)
rNeg     . . .     Faith    .   a - +0 robe
rPois    .         Spirit   .   (helmet restricted)
rElec    .         Reflect  .   (no cloak)
rCorr    .         Harm     .   (gloves unavailable)
MR       .....                  (boots unavailable)
Stlth    +.........             (no amulet)
HPRegen  0.10/turn              k - ring of protection from cold
MPRegen  0.08/turn              (no ring)

@: mighty, lethally poisoned (0 -> -5)
A: large, unfitting armour, tough skin 1
a: no special abilities


You were on level 2 of the Dungeon.
You were not hungry.

You visited 1 branch of the dungeon, and saw 2 of its levels.

You collected 31 gold pieces.

Inventory:

Hand Weapons
 m - a +0 hunting sling
Missiles
 j - 3 large rocks (quivered)
 l - 24 stones
Armour
 a - a +0 robe (worn)
 b - a +0 shield
Jewellery
 k - a ring of protection from cold (left hand)
Potions
 c - a potion of might
 e - 2 potions of brilliance {unknown}
 f - 2 potions of haste {unknown}
 g - a potion of magic {unknown}
 h - a potion of ambrosia {unknown}
Comestibles
 d - 3 rations
 i - 2 chunks of flesh


   Skills:
 - Level 4.0 Fighting
 - Level 2.6 Dodging
 - Level 2.6 Shields
 + Level 2.5 Unarmed Combat


You had one spell level left.
You didn't know any spells.

Dungeon Overview and Level Annotations

Branches:
Dungeon (2/15)

Altars:


Innate Abilities, Weirdness & Mutations

You are too large for most types of armour.
You have tough skin. (AC +1)


Message History

* * * LOW HITPOINT WARNING * * *
You closely miss the adder.
The adder is moderately wounded.
* * * LOW HITPOINT WARNING * * *
You feel sick. The adder bites you.
* * * LOW HITPOINT WARNING * * *
You closely miss the adder.
The adder is moderately wounded.
The adder barely misses you.
You hit the adder.
The adder is severely wounded.
The adder barely misses you.
You closely miss the adder.
The adder is severely wounded.
* * * LOW HITPOINT WARNING * * *
You feel sick. The adder misses you.
You hit the adder.
The adder is almost dead.
The adder bites you.
You die...

.....#.##.....#......
.....................#
................... .+
................. ..#
##.............# ...#
##.#+#.........##.....
...............'...#
.#.............###.##.#.
.#.....>.....%gS@.......
.#..........####........
.#...........###$.......
.#.....#.......+........
...............#........
...............###+##...
...............#.... ...
...................$ ##
###.................


You could see an adder and a hobgoblin.

Vanquished Creatures
  A giant cockroach (D:1)
  3 goblins
  A hobgoblin (D:2)
  2 bats
7 creatures vanquished.

Notes
Turn   | Place    | Note
-------+----------+-------------------------------------------
     0 | D:1      | Zwobot the Ogre Fighter began the quest for the Orb.
     0 | D:1      | Reached XP level 1. HP: 24/24 MP: 1/1
   934 | D:2      | Reached XP level 2. HP: 16/32 MP: 2/2
  1086 | D:2      | Slain by an adder

Vault maps used:
D:1:      saegor_arrival_simple_a
D:2:      gammafunk_temple_overflow_claw, elyvilon_altar_5,
          chequers_ecumenical_altar_lobes

Skill      XL: |  1 |
---------------+----+-----
Unarmed Combat | 2 |  2.5
Fighting       | |  4.0
Dodging        | |  2.6
Shields        | |  2.6

Action                   || total
-------------------------++-------
Melee: Unarmed           ||    40
  Use: Potion            ||     1
Armor: Robe              ||     7
Dodge: Dodged            ||    20

Table legend:
 A = Spawn XP
 B = Non-spawn XP
 C = Spawn XP percentage of total XP
 D = Spawn monster count
 E = Non-spawn monster count
 F = Spawn count percentage of total count
 G = Total turns spent on level
                    A         B        C        D         E        F      G
               +---------+---------+-------+---------+---------+-------+---------
         Total |       0 |      13 |   0.0 |       0 |       7 |   0.0 |  1086
               +---------+---------+-------+---------+---------+-------+---------
           D:1 |       0 |       5 |   0.0 |       0 |       3 |   0.0 |   805
           D:2 |       0 |       8 |   0.0 |       0 |       4 |   0.0 |   281
               +---------+---------+-------+---------+---------+-------+---------
